 Dungeon Crawl Stone Soup version 0.25.0-26-g0c896c7088 (webtiles) character file.

Game seed: 16411139128991077601

84 Exodus22XD the Poker (level 4, 0/33 HPs)
             Began as a Demonspawn Gladiator on July 4, 2020.
             Killed by divine providence
             ... invoked by an orc priest
              (13 damage)
             ... on level 3 of the Dungeon.
             The game lasted 00:01:49 (2327 turns).

Exodus22XD the Poker (Demonspawn Gladiator)         Turns: 2327, Time: 00:01:49

Health: 0/33       AC:  5    Str: 15    XL:     4   Next: 23%
Magic:  4/4        EV: 12    Int:  9    God:
Gold:   88         SH:  0    Dex: 17    Spells: 3/3 levels left

rFire    . . .     SeeInvis .   a - +0 trident
rCold    . . .     Gourm    .   (no shield)
rNeg     . . .     Faith    .   q - +0 ring mail
rPois    .         Spirit   .   (helmet restricted)
rElec    .         Reflect  .   (no cloak)
rCorr    .         Harm     .   (no gloves)
MR       .....                  (no boots)
Stlth    ++........             (no amulet)
HPRegen  0.11/turn              (no ring)
MPRegen  0.09/turn              (no ring)

@: no status effects
A: antennae 1, thin skeletal structure 1
a: no special abilities


You were on level 3 of the Dungeon.
You were not hungry.

You visited 1 branch of the dungeon, and saw 3 of its levels.

You collected 88 gold pieces.

Inventory:

Hand Weapons
 a - a +0 trident (weapon)
Missiles
 d - 3 throwing nets (quivered)
Armour
 q - a +0 ring mail (worn)
Jewellery
 s - a cursed ring of attention {unknown}
Scrolls
 b - 2 scrolls of fog {unknown}
 e - a scroll of amnesia {unknown}
 i - a scroll of random uselessness {unknown}
 j - a scroll of magic mapping {unknown}
 k - 2 scrolls of remove curse {unknown}
 n - 3 scrolls of identify {unknown}
 o - a scroll of noise {unknown}
 p - a scroll of teleportation {unknown}
Potions
 c - 2 potions of brilliance {unknown}
 g - 2 potions of might {unknown}
 h - a potion of stabbing {unknown}
 l - a potion of magic {unknown}
 m - 2 potions of haste {unknown}
Comestibles
 f - 4 rations
 r - 2 chunks of flesh


   Skills:
 + Level 2.2 Fighting
 + Level 3.5 Polearms
 - Level 1.7 Throwing
 * Level 1.4 Armour
 + Level 3.0 Dodging
 * Level 1.6 Stealth


You had 3 spell levels left.
You didn't know any spells.
Your spell library was empty.

Dungeon Overview and Level Annotations

Branches:
Dungeon (3/15)

Altars:
Ashenzari
Gozag
Trog


Innate Abilities, Weirdness & Mutations

You have a pair of small antennae on your head.
You have a somewhat thin skeletal structure. (Dex +2, Stealth)


Message History

Beogh smites you!
An orc priest comes into view. It is wielding a +0 whip.
Attack whom?
Press: ? - help, Dir - move target cursor, f/p - orc priest
Aim: an orc priest, wielding a -3 mace You reach to attack!
You hit the orc priest.
The orc priest is moderately wounded.
Attack whom?
Press: ? - help, Dir - move target cursor, f - orc, p - orc priest
Aim: an orc You reach to attack!
You closely miss the orc.
The orc priest invokes the aid of Beogh against you.
Beogh smites you!
Attack whom?
Press: ? - help, Dir - move target cursor, f/p - orc
Aim: an orc You barely miss the orc.
The orc priest invokes the aid of Beogh against you.
Beogh smites you!
You die...

#)# >... ##.##..#.#.#
##......#.#.####
####..<##..#......
#......##..#.#.#.#
#......+.......#.###
#......##..........
#(.....##..#.#.#.#.###
#......##.....@ooo....
#...#####.##.#.#......
#...# #..##.#.# #.###
#...####.>##.... o.
#...).##..####.#o .
#.....##..####'#'#
##.............. .
###+###...........
...........


You could see 2 orc priests and 2 orcs.

Vanquished Creatures
  2 adders (D:2)
  An ooze (D:1)
  2 worms (D:2)
  3 dart slugs
  2 leopard geckos
  7 goblins
  8 hobgoblins
  2 jackals (D:1)
  A ball python (D:1)
  6 bats
  3 frilled lizards
  7 kobolds
  3 rats (D:1)
47 creatures vanquished.

Notes
Turn   | Place    | Note
-------+----------+-------------------------------------------
     0 | D:1      | Exodus22XD the Demonspawn Gladiator began the quest for the
                  | Orb.
     0 | D:1      | Reached XP level 1. HP: 16/16 MP: 1/1
   176 | D:1      | Gained mutation: You have a somewhat thin skeletal
                  | structure. (Dex +2, Stealth) [demonic ancestry]
   176 | D:1      | Reached XP level 2. HP: 20/22 MP: 2/2
   755 | D:1      | Reached skill level 1 in Armour
   761 | D:1      | Reached XP level 3. HP: 22/27 MP: 3/3
  1242 | D:2      | Reached skill level 1 in Stealth
  1863 | D:2      | Gained mutation: You have a pair of small antennae on your
                  | head. [demonic ancestry]
  1863 | D:2      | Reached XP level 4. HP: 33/33 MP: 4/4
  1870 | D:2      | Found an opulent altar of Gozag.
  1871 | D:2      | Found a shattered altar of Ashenzari.
  2096 | D:2      | Found a bloodstained altar of Trog.
  2327 | D:3      | Killed from afar by an orc priest

Illustrated notes

Levels and vault maps discovered:
D:1:      tarquinn_simple_flora_water_c, layout_loops_ring
D:2:      layout_loops_ring, nicolae_overflow_hidden_temple,
          lightli_temple_of_fire, gammafunk_temple_overflow_statue
D:3:      layout_basic, uniq_sigmund

Skill      XL: |  1  2  3 |
---------------+----------+-----
Polearms       | 3 |  3.5
Dodging        | 3 |  3.0
Armour         | 1 |  1.4
Stealth        | 1 |  1.6
Fighting       | |  2.2
Throwing       | |  1.7

Action                   |  1- 3 |  4- 6 || total
-------------------------+-------+-------++-------
Melee: Trident           |   135 |    29 ||   164
 Stab: Sleeping          |     7 |     1 ||     8
  Eat: Chunk             |     3 |     2 ||     5
Armor: Leather armour    |    21 |       ||    21
       Ring mail         |     4 |     4 ||     8
Dodge: Dodged            |    56 |    13 ||    69
